[Event "ICC tourney 2556 (25 5)"]
[Site "Internet Chess Club"]
[Date "2021.05.09"]
[Round "7"]
[White "YANG, ANGIE:K05-16341612"]
[Black "SONG, BLAISE:K05-17154525"]
[Result "0-1"]
[ICCResult "White checkmated"]
[WhiteElo "932"]
[BlackElo "546"]
[Opening "Giuoco Pianissimo: Italian four knights variation"]
[ECO "C50"]
[NIC "IG.02"]
[Time "15:31:11"]
[PlyCount "70"]
[TimeControl "1500+5"]

1. e4 e5 2. Nf3 Nc6 3. Bc4 Bc5 4. d3 Nf6 5. Nc3 O-O 6. O-O h6 7. Be3 Bd4 8.
Bxd4 exd4 9. Nd5 d6 10. c3 dxc3 11. bxc3 Bg4 12. h3 Bh5 13. Nxf6+ Qxf6 14.
g4 Bg6 15. Nh2 Qxc3 16. Rc1 Qf6 17. Qe2 Nd4 18. Qe3 Rfe8 19. f3 c6 20. Qd2
d5 21. exd5 cxd5 22. Bxd5 Ne2+ 23. Kh1 Ng3+ 24. Kg2 Re2+ 25. Qxe2 Nxe2 26.
Rc5 Nf4+ 27. Kh1 Nxd5 28. Rxd5 Qe6 29. Rd4 Qxa2 30. f4 f6 31. Nf3 Rc8 32.
Rd7 Be8 33. Rxb7 Bc6 34. Re7 Bxf3+ 35. Kg1 Qg2# { White checkmated } 0-1

[Event "ICC tourney 2556 (25 5)"]
[Site "Internet Chess Club"]
[Date "2021.05.09"]
[Round "7"]
[White "SAI POTHABATHULA, RAHUL:K05-17274526"]
[Black "XIE, ANDREW:K05-16610874"]
[Result "1-0"]
[ICCResult "Black checkmated"]
[WhiteElo "1154"]
[BlackElo "834"]
[Opening "Three knights game"]
[ECO "C46"]
[NIC "KP.06"]
[Time "15:31:00"]
[PlyCount "107"]
[TimeControl "1500+5"]

1. e4 e5 2. Nf3 Nc6 3. Nc3 Bc5 4. Nxe5 Nxe5 5. d4 Bxd4 6. Qxd4 Nc6 7. Qd1
Nf6 8. Bc4 d6 9. Bg5 h6 10. Bh4 O-O 11. O-O a6 12. Qd2 Nxe4 13. Qf4 Ng5 14.
Ne4 Be6 15. Nxg5 Bxc4 16. Ne6 fxe6 17. Qxc4 Qd7 18. Rfe1 Ne5 19. Qb3 d5 20.
Rxe5 Qd6 21. Bg3 Qe7 22. Rae1 Qc5 23. Rxe6 Rab8 24. R6e5 Qa7 25. Rxd5 Kh8
26. Qe3 b6 27. Rd7 Rbc8 28. Qe7 Rg8 29. Rxc7 Rxc7 30. Qxc7 Qxc7 31. Bxc7
Rc8 32. Bxb6 Rxc2 33. Bd4 Kg8 34. h3 Kf7 35. Kh2 Kg6 36. Kg3 Kf7 37. Re5 g6
38. Ra5 Rc6 39. b4 Rc4 40. Bc5 Rc3+ 41. Kh2 Rc2 42. Rxa6 Rc4 43. a4 Ke8 44.
Rxg6 h5 45. Rh6 h4 46. g3 hxg3+ 47. Kxg3 Rc3+ 48. Kg2 Kd7 49. a5 Kc7 50. a6
Kb8 51. a7+ Ka8 52. Rh8+ Kb7 53. a8=Q+ Kc7 54. Rh7# { Black checkmated }
1-0

[Event "ICC tourney 2556 (25 5)"]
[Site "Internet Chess Club"]
[Date "2021.05.09"]
[Round "7"]
[White "JOSHI, OM:K05-30018177"]
[Black "MUNRO HARTMAN, NADAV:K05-16966336"]
[Result "0-1"]
[ICCResult "White checkmated"]
[WhiteElo "540"]
[BlackElo "1046"]
[Opening "Réti: King's Indian attack (Barcza system)"]
[ECO "A07"]
[NIC "QP.09"]
[Time "15:30:47"]
[PlyCount "66"]
[TimeControl "1500+5"]

1. Nf3 d5 2. g3 Nf6 3. d3 Bf5 4. Bg2 Nc6 5. O-O e6 6. c3 Bd6 7. d4 O-O 8.
Nbd2 Qd7 9. h3 h6 10. b3 e5 11. dxe5 Nxe5 12. Nxe5 Bxe5 13. Kh2 Rfe8 14.
Bb2 Qd6 15. a4 Nh5 16. Qe1 Re6 17. Rg1 Rg6 18. Nf1 Re8 19. Bf3 Nf6 20. Ne3
Bd7 21. Ba3 Qe6 22. Qf1 Ne4 23. Bxe4 dxe4 24. Rc1 Rf6 25. Ng4 Rf5 26. Nxe5
Rxf2+ 27. Kh1 Rxf1 28. g4 Rxg1+ 29. Rxg1 Qxe5 30. Bb2 e3 31. Rb1 Bc6+ 32.
Kg1 Qg3+ 33. Kf1 Qf2# { White checkmated } 0-1

[Event "ICC tourney 2556 (25 5)"]
[Site "Internet Chess Club"]
[Date "2021.05.09"]
[Round "7"]
[White "BHEEMANATHINI, HARSHA:K05-16974817"]
[Black "MAITI, VEDANT:K05-16844427"]
[Result "0-1"]
[ICCResult "White resigns"]
[WhiteElo "769"]
[BlackElo "1057"]
[Opening "Giuoco Piano"]
[ECO "C50"]
[NIC "IG.02"]
[Time "15:31:10"]
[PlyCount "54"]
[TimeControl "1500+5"]

1. e4 e5 2. Nf3 Nc6 3. Bc4 Bc5 4. O-O Nf6 5. d4 Bxd4 6. Nxd4 Nxd4 7. Be3
Nc6 8. Nc3 O-O 9. Qd2 d6 10. Rad1 Be6 11. Bxe6 fxe6 12. Bg5 Qd7 13. Rfe1
Ng4 14. Qe2 Nf6 15. Qf3 Nd4 16. Qg3 Nxc2 17. Re2 Nd4 18. Re3 Qf7 19. Rde1
Nc2 20. Rf3 Nxe1 21. Re3 Nc2 22. Re2 Nd4 23. Rd2 Qg6 24. Nd1 Nxe4 25. Qe3
Nxd2 26. Qxd2 h6 27. Be3 Nf3+ { White resigns } 0-1

[Event "ICC tourney 2556 (25 5)"]
[Site "Internet Chess Club"]
[Date "2021.05.09"]
[Round "7"]
[White "PAK, KINGSTON:K05-30066451"]
[Black "BABLANI, ARNAV:K05-16018565"]
[Result "0-1"]
[ICCResult "White resigns"]
[WhiteElo "1303"]
[BlackElo "909"]
[Opening "QGD: 4.Bg5"]
[ECO "D50"]
[NIC "QO.16"]
[Time "15:30:49"]
[PlyCount "88"]
[TimeControl "1500+5"]

1. d4 d5 2. c4 e6 3. Nc3 Nf6 4. Bg5 Bb4 5. e3 h6 6. Bh4 g5 7. Bg3 Ne4 8.
Qc2 Nc6 9. Bd3 Nxc3 10. bxc3 Bd6 11. Nf3 Bxg3 12. hxg3 Bd7 13. cxd5 exd5
14. Bf5 Qe7 15. Bxd7+ Qxd7 16. Nxg5 O-O-O 17. Nf3 Rde8 18. O-O h5 19. Rab1
Rh6 20. Qb3 b6 21. Qb5 Reh8 22. Ne5 Nxe5 23. Qa6+ Kb8 24. dxe5 h4 25. gxh4
Rxh4 26. f3 Rg8 27. Qe2 Qh3 28. Kf2 Rxg2+ 29. Ke1 Rxe2+ 30. Kxe2 Qg2+ 31.
Rf2 Qg3 32. f4 Rh2 33. Rxh2 Qxh2+ 34. Kd1 Qg1+ 35. Kc2 Qf2+ 36. Kd3 Qf3 37.
Re1 Qe4+ 38. Kd2 Qc4 39. Ra1 Qb5 40. Rc1 Qb2+ 41. Rc2 Qb5 42. a3 Qb3 43.
Kd3 Qxa3 44. Rh2 Qa6+ { White resigns } 0-1

[Event "ICC tourney 2556 (25 5)"]
[Site "Internet Chess Club"]
[Date "2021.05.09"]
[Round "7"]
[White "JANI, SONAM:K05-16948743"]
[Black "VENKATRAMAN, PRANAV:K05-30038361"]
[Result "1-0"]
[ICCResult "Black resigns"]
[WhiteElo "399"]
[BlackElo "808"]
[Opening "Giuoco Pianissimo: Italian four knights variation"]
[ECO "C46"]
[NIC "KP.06"]
[Time "15:31:17"]
[PlyCount "81"]
[TimeControl "1500+5"]

1. e4 e5 2. Nf3 Nc6 3. Nc3 Bc5 4. Bc4 Nf6 5. d3 O-O 6. Bg5 h6 7. Be3 Bb6 8.
Qe2 d6 9. h3 Be6 10. Bxe6 fxe6 11. Bxb6 axb6 12. O-O Re8 13. a3 d5 14. exd5
exd5 15. Qd2 e4 16. dxe4 dxe4 17. Qxd8 Raxd8 18. Nh4 Ne5 19. Nf5 c5 20. Ne2
Rd2 21. Nf4 Rxc2 22. Rab1 Nd3 23. Nxd3 e3 24. Nxe3 Ne4 25. Rbe1 Nd2 26.
Nxc2 Rxe1 27. Rxe1 Kf7 28. Ne5+ Kf6 29. Nd7+ Kf7 30. Nxb6 Nb3 31. Re3 Na5
32. b4 cxb4 33. axb4 Nc6 34. b5 Ne7 35. Na4 Nd5 36. Rd3 Ne7 37. Rd7 Ke6 38.
Rxb7 Nc8 39. b6 Kd6 40. Rxg7 Kc6 41. Nd4+ { Black resigns } 1-0

[Event "ICC tourney 2556 (25 5)"]
[Site "Internet Chess Club"]
[Date "2021.05.09"]
[Round "7"]
[White "KUMAR, ANIRUDH:K05-30045956"]
[Black "KAGGUNDI RAVISHA, MANASWINI:K05-30132763"]
[Result "1-0"]
[ICCResult "Black checkmated"]
[WhiteElo "924"]
[BlackElo "643"]
[Opening "Giuoco Pianissimo: Italian four knights variation"]
[ECO "C50"]
[NIC "IG.02"]
[Time "15:30:28"]
[PlyCount "105"]
[TimeControl "1500+5"]

1. e4 e5 2. Nf3 Nc6 3. Bc4 Bc5 4. Nc3 Nf6 5. d3 h6 6. h3 O-O 7. O-O d6 8.
Be3 Bb6 9. Bb3 Be6 10. Qd2 Ba5 11. Qe2 Bb6 12. Nd5 Nd4 13. Nxd4 exd4 14.
Bf4 Re8 15. Nxf6+ Qxf6 16. Qd2 Qg6 17. Kh2 Rad8 18. Bg3 Bxb3 19. axb3 a6
20. f4 Qh5 21. Qd1 Qxd1 22. Raxd1 d5 23. e5 Re7 24. Bh4 g5 25. fxg5 Rxe5
26. gxh6 Rh5 27. Bxd8 Rxh6 28. Rde1 Bc5 29. Re8+ Kh7 30. Rxf7+ Kg6 31. Rxc7
Bd6+ 32. g3 Bxc7 33. Bxc7 Kf7 34. Bf4 Rg6 35. Rd8 Ke6 36. Rd6+ Kf7 37. Rxg6
Kxg6 38. h4 Kf5 39. Kh3 b6 40. h5 Kf6 41. Kh4 Kg7 42. Kg5 Kh7 43. h6 a5 44.
Kf6 a4 45. bxa4 b5 46. axb5 Kg8 47. b6 Kh7 48. b7 Kh8 49. b8=Q+ Kh7 50.
Qc7+ Kh8 51. Qd8+ Kh7 52. Qe7+ Kg8 53. Qg7# { Black checkmated } 1-0

[Event "ICC tourney 2556 (25 5)"]
[Site "Internet Chess Club"]
[Date "2021.05.09"]
[Round "7"]
[White "MUKTINUTALAPATI, NIKHIL:K05-16577451"]
[Black "PALANIAPPAN, ABHINAV:K05-16592332"]
[Result "0-1"]
[ICCResult "White checkmated"]
[WhiteElo "316"]
[BlackElo "732"]
[Opening "Caro-Kann: exchange variation"]
[ECO "B13"]
[NIC "CK.02"]
[Time "15:32:42"]
[PlyCount "94"]
[TimeControl "1500+5"]

1. e4 c6 2. d4 d5 3. exd5 cxd5 4. Qh5 Nf6 5. Qd1 Nc6 6. Nf3 Bg4 7. Be2 Bxf3
8. Bxf3 e6 9. Bg5 Be7 10. Nd2 Nxd4 11. Ne4 Nxf3+ 12. Qxf3 dxe4 13. Qb3 b6
14. Qa4+ Qd7 15. Qxd7+ Nxd7 16. Bxe7 Kxe7 17. O-O-O Rhd8 18. Rd2 Nf6 19.
Rhd1 Ng4 20. f3 Nxh2 21. fxe4 Ng4 22. Rxd8 Rxd8 23. Rxd8 Kxd8 24. Kd2 Kd7
25. Ke2 Kd6 26. Kf3 Ne5+ 27. Kf4 Nc4 28. b3 Na3 29. e5+ Kd5 30. c4+ Kd4 31.
g4 Nc2 32. g5 g6 33. a3 Nxa3 34. Kf3 a5 35. Kf4 a4 36. bxa4 Nxc4 37. a5
bxa5 38. Kf3 a4 39. Ke2 a3 40. Kd1 a2 41. Kc2 a1=Q 42. Kb3 Qb2+ 43. Ka4
Nb6+ 44. Ka5 Qb3 45. Ka6 Nd7 46. Ka7 Kxe5 47. Ka6 Qb6# { White checkmated }
0-1

[Event "ICC tourney 2556 (25 5)"]
[Site "Internet Chess Club"]
[Date "2021.05.09"]
[Round "7"]
[White "ENMING LIN, BRYAN:K05-30020975"]
[Black "DAMBAL, SASHA:K05-30022386"]
[Result "1-0"]
[ICCResult "Black resigns"]
[WhiteElo "1192"]
[BlackElo "821"]
[Opening "Four knights: Italian variation"]
[ECO "C47"]
[NIC "KP.06"]
[Time "15:31:09"]
[PlyCount "85"]
[TimeControl "1500+5"]

1. e4 e5 2. Nf3 Nc6 3. Nc3 Nf6 4. Bc4 Nxe4 5. Nxe4 d5 6. Bxd5 Qxd5 7. Nc3
Qd8 8. O-O Bg4 9. h3 Bh5 10. Re1 Bd6 11. Nxe5 Bxd1 12. Nxc6+ Kd7 13. Nxd8
Raxd8 14. Rxd1 Rde8 15. d3 Re6 16. Be3 b6 17. Ne4 f5 18. Nxd6 Kxd6 19. Kh2
h6 20. Re1 Kd7 21. Bd2 Rf6 22. Bc3 Rf7 23. Re2 Rg8 24. Rae1 a5 25. f4 g5
26. fxg5 hxg5 27. Rf2 g4 28. hxg4 Rxg4 29. Ref1 Ke6 30. g3 f4 31. Rxf4 Rh7+
32. Kg2 Rxf4 33. Rxf4 Rh6 34. Kf3 Rh2 35. Rf6+ Kd7 36. Rf7+ Kc8 37. Be5
Rxc2 38. Rxc7+ Rxc7 39. Bxc7 Kxc7 40. Ke4 Kd6 41. g4 Ke6 42. g5 Kf7 43. Kd5
{ Black resigns } 1-0

[Event "ICC tourney 2556 (25 5)"]
[Site "Internet Chess Club"]
[Date "2021.05.09"]
[Round "7"]
[White "NGUYEN, KEVIN:K05-16839412"]
[Black "KANCHERLA, ROHAN:K05-16710337"]
[Result "1-0"]
[ICCResult "Black resigns"]
[WhiteElo "705"]
[BlackElo "944"]
[Opening "Ruy Lopez: Berlin defense, Beverwijk variation"]
[ECO "C65"]
[NIC "RL.07"]
[Time "15:31:05"]
[PlyCount "92"]
[TimeControl "1500+5"]

1. e4 e5 2. Nf3 Nc6 3. Bb5 Nf6 4. O-O Bc5 5. c3 d6 6. d4 exd4 7. cxd4 Bb6
8. Nc3 O-O 9. Bg5 h6 10. Bh4 Bg4 11. h3 Bh5 12. Be2 g5 13. Bg3 Bxf3 14.
Bxf3 Bxd4 15. Rc1 Be5 16. Bxe5 Nxe5 17. Be2 Nh7 18. Nd5 c6 19. Ne3 Qf6 20.
Nf5 Kh8 21. Qxd6 Qxd6 22. Nxd6 Rab8 23. Nf5 Ng6 24. Nxh6 Nf4 25. Bc4 Kg7
26. Nf5+ Kg6 27. Ne7+ Kf6 28. Nf5 b5 29. Bb3 Ne2+ 30. Kh2 Nxc1 31. Rxc1
Rbc8 32. Nd6 Rcd8 33. Rxc6 Kg7 34. Nf5+ Kh8 35. Rc7 Nf6 36. Bxf7 a6 37. Bg6
Rd2 38. e5 Rd7 39. Rc6 Nh7 40. Rxa6 Rg8 41. e6 Rd5 42. e7 Re5 43. Rd6 Rxf5
44. Bxf5 Re8 45. Rd8 Rxd8 46. exd8=Q+ Kg7 { Black resigns } 1-0

[Event "ICC tourney 2556 (25 5)"]
[Site "Internet Chess Club"]
[Date "2021.05.09"]
[Round "7"]
[White "SAIMADHAV CHALLA, KARUNYA:K05-17096756"]
[Black "YAO, COCO:K05-16335651"]
[Result "0-1"]
[ICCResult "White checkmated"]
[WhiteElo "781"]
[BlackElo "1082"]
[Opening "Evans gambit"]
[ECO "C51"]
[NIC "IG.05"]
[Time "15:31:18"]
[PlyCount "60"]
[TimeControl "1500+5"]

1. e4 e5 2. Nf3 Nc6 3. Bc4 Bc5 4. b4 Bxb4 5. c3 Bc5 6. O-O Nf6 7. d4 exd4
8. cxd4 Bb6 9. e5 Ng4 10. h3 Nh6 11. Ng5 O-O 12. Qc2 g6 13. Nf3 Kg7 14. Bg5
Qe8 15. g4 f5 16. Bf6+ Rxf6 17. exf6+ Kxf6 18. g5+ Kg7 19. gxh6+ Kxh6 20.
d5 Nb4 21. Qd2+ Kh5 22. Qxb4 Qe4 23. Nbd2 Qf4 24. Rae1 g5 25. Ne5 c5 26.
Qa4 Bc7 27. Ndf3 g4 28. hxg4+ fxg4 29. Nh2 Bxe5 30. Qc2 Qxh2# { White
checkmated } 0-1

[Event "ICC tourney 2556 (25 5)"]
[Site "Internet Chess Club"]
[Date "2021.05.09"]
[Round "7"]
[White "SCOLLON, OWEN:K05-17108421"]
[Black "ROLDAN, JAIR:K05-16274148"]
[Result "1-0"]
[ICCResult "Black checkmated"]
[WhiteElo "1513"]
[BlackElo "965"]
[Opening "Sicilian defense"]
[ECO "B30"]
[NIC "SI.31"]
[Time "15:30:33"]
[PlyCount "75"]
[TimeControl "1500+5"]

1. e4 c5 2. Nf3 Nc6 3. c3 d5 4. exd5 Qxd5 5. d4 Nf6 6. Be2 Qd8 7. Bf4 g6 8.
O-O Bg7 9. Na3 O-O 10. Nc2 Bf5 11. Ne3 Be4 12. Nc4 Bxf3 13. Bxf3 cxd4 14.
Bxc6 bxc6 15. cxd4 Nh5 16. Be3 Qc7 17. Rc1 Nf6 18. Qa4 Ng4 19. g3 Nxe3 20.
fxe3 c5 21. Na5 Qb8 22. Nc6 Qxb2 23. Nxe7+ Kh8 24. Rc2 Qb7 25. Nc6 Rfc8 26.
Rxc5 Re8 27. Rc3 Qd7 28. Qc4 Rf8 29. Ne5 Bxe5 30. dxe5 Rac8 31. Qb3 Rxc3
32. Qxc3 Qe6 33. Rf6 Qxa2 34. e6 Qb1+ 35. Rf1+ Kg8 36. Rxb1 fxe6 37. Rb7 a6
38. Qg7# { Black checkmated } 1-0

[Event "ICC tourney 2556 (25 5)"]
[Site "Internet Chess Club"]
[Date "2021.05.09"]
[Round "7"]
[White "YIN, HAOXUAN:K05-16009384"]
[Black "YANG, ALEXANDER:K05-16917728"]
[Result "0-1"]
[ICCResult "White resigns"]
[WhiteElo "790"]
[BlackElo "1834"]
[Opening "Sicilian: Najdorf, Byrne (English) attack"]
[ECO "B90"]
[NIC "SI.14"]
[Time "15:30:39"]
[PlyCount "38"]
[TimeControl "1500+5"]

1. e4 c5 2. Nf3 d6 3. Nc3 Nf6 4. d4 cxd4 5. Nxd4 a6 6. Be3 e6 7. a3 b5 8.
g4 Bb7 9. Bg2 Be7 10. g5 Nfd7 11. Qf3 Ne5 12. Qg3 Nc4 13. O-O-O Nxe3 14.
fxe3 Nd7 15. Bf3 Ne5 16. Nde2 Qb6 17. Nd4 Rc8 18. Bg2 Nc4 19. b3 Nxa3 {
White resigns } 0-1

[Event "ICC tourney 2556 (25 5)"]
[Site "Internet Chess Club"]
[Date "2021.05.09"]
[Round "7"]
[White "BENJAMIN STIEGLITZ, RHYS:K05-16850181"]
[Black "NANNAPANENI, SAHARSH:K05-16276626"]
[Result "1-0"]
[ICCResult "Black checkmated"]
[WhiteElo "1014"]
[BlackElo "743"]
[Opening "French: exchange variation"]
[ECO "C01"]
[NIC "FR.01"]
[Time "15:30:57"]
[PlyCount "75"]
[TimeControl "1500+5"]

1. e4 e6 2. d4 d5 3. exd5 exd5 4. c4 Nc6 5. Nf3 Nf6 6. Nc3 Be7 7. Be2 O-O
8. O-O Bf5 9. Qb3 dxc4 10. Qxc4 Be6 11. Qa4 a6 12. Be3 Bg4 13. Ne5 Bxe2 14.
Nxe2 Nxe5 15. dxe5 Nd5 16. Rfd1 c6 17. Nf4 b5 18. Qb3 Bg5 19. Nxd5 cxd5 20.
Rxd5 Qe7 21. f4 Bh6 22. Bc5 Qe6 23. Bxf8 Rxf8 24. Rd4 Qb6 25. Qe3 f6 26. e6
Re8 27. Re1 g6 28. Kh1 Bg7 29. e7 f5 30. Qb3+ Kh8 31. Rd8 Rxd8 32. e8=Q+
Rxe8 33. Rxe8+ Bf8 34. Rxf8+ Kg7 35. Qf7+ Kh6 36. Rh8 Kh5 37. Qxh7+ Kg4 38.
Qh4# { Black checkmated } 1-0

[Event "ICC tourney 2556 (25 5)"]
[Site "Internet Chess Club"]
[Date "2021.05.09"]
[Round "7"]
[White "POTLURI, ROHAN:K05-17308405"]
[Black "THERESA VIJAYRAM, VANEESHA:K05-16365598"]
[Result "0-1"]
[ICCResult "White resigns"]
[WhiteElo "453"]
[BlackElo "856"]
[Opening "King's pawn game"]
[ECO "C44"]
[NIC "KP.07"]
[Time "15:30:39"]
[PlyCount "106"]
[TimeControl "1500+5"]

1. e4 e5 2. Nf3 Nc6 3. d3 h6 4. Nc3 Nf6 5. h4 Be7 6. g3 b6 7. Bh3 Bb7 8.
Nd5 Nxd5 9. exd5 Nb4 10. Nxe5 Bxd5 11. O-O O-O 12. Nxd7 Re8 13. Ne5 Bxh4
14. Re1 Bf6 15. Nc4 b5 16. Rxe8+ Qxe8 17. Ne3 Bb7 18. Bg2 Bxg2 19. Nxg2 Qc6
20. f3 Qxc2 21. Qxc2 Nxc2 22. Rb1 Re8 23. Bf4 c6 24. Rc1 Nd4 25. Be3 Ne2+
26. Kf2 Nxc1 27. Bxc1 Kh7 28. Nf4 g5 29. Nh5 Kg6 30. Nxf6 Kxf6 31. Be3 a5
32. b3 a4 33. b4 Ke5 34. f4+ gxf4 35. gxf4+ Kf5 36. Kf3 h5 37. Bc1 Rh8 38.
Bb2 Rh7 39. d4 h4 40. Kg2 Kxf4 41. Kh3 f5 42. a3 Kf3 43. Bc1 f4 44. Bd2 Ke4
45. Be1 f3 46. Bf2 Kf4 47. Kh2 Kg4 48. Kg1 Kh3 49. Kh1 Kg4 50. Kh2 h3 51.
Kg1 Kf4 52. Kh2 Ke4 53. Kg3 h2 { White resigns } 0-1

[Event "ICC tourney 2556 (25 5)"]
[Site "Internet Chess Club"]
[Date "2021.05.09"]
[Round "7"]
[White "KOUSTUBH NAMILAE, ANANTH:K05-16701177"]
[Black "ZHU, ISABELLA:K05-16795777"]
[Result "0-1"]
[ICCResult "White checkmated"]
[WhiteElo "613"]
[BlackElo "1058"]
[Opening "Queen's pawn, Mason variation"]
[ECO "D00"]
[NIC "QP.08"]
[Time "15:30:57"]
[PlyCount "124"]
[TimeControl "1500+5"]

1. d4 d5 2. Bf4 Nc6 3. e3 Nf6 4. Nc3 e6 5. Nf3 Bb4 6. a3 Ba5 7. b4 Bb6 8.
Bb5 Bd7 9. Ne5 Nxe5 10. Bxd7+ Nexd7 11. Bg5 O-O 12. O-O c6 13. Qe2 Bc7 14.
e4 dxe4 15. Nxe4 Qe7 16. Qf3 Bd8 17. Nxf6+ Nxf6 18. d5 exd5 19. Rfe1 Qd6
20. Bf4 Qd7 21. Bg5 Qg4 22. Qxg4 Nxg4 23. Bxd8 Raxd8 24. h3 Nf6 25. g4 Rfe8
26. Rxe8+ Rxe8 27. g5 Ne4 28. f3 Nxg5 29. Kg2 Re2+ 30. Kg3 Rxc2 31. Re1 h6
32. f4 Ne6 33. f5 Nd4 34. Re8+ Kh7 35. Re7 Nxf5+ 36. Kf4 Nxe7 37. Kg4 Rc3
38. a4 d4 39. Kf4 Nd5+ 40. Ke4 Rc4 41. Kd3 Rxb4 42. Ke4 a6 43. Kd3 Rxa4 44.
Ke4 b5 45. Kd3 b4 46. Kc2 Ra3 47. Kb2 d3 48. Kc1 b3 49. Kb2 d2 50. Kxa3
d1=Q 51. Ka4 Qd4+ 52. Kxb3 Qb4+ 53. Kc2 Ne3+ 54. Kd3 Qb3+ 55. Ke4 a5 56.
Kd4 a4 57. Kc5 a3 58. Kxc6 a2 59. Kd7 a1=Q 60. Ke7 Qd4 61. Ke8 Qe6+ 62. Kf8
Qd8# { White checkmated } 0-1

[Event "ICC tourney 2556 (25 5)"]
[Site "Internet Chess Club"]
[Date "2021.05.09"]
[Round "7"]
[White "GRESHAM, JOB:K05-16440438"]
[Black "PARIZIANU, PHILIP:K05-16138477"]
[Result "1/2-1/2"]
[ICCResult "Game drawn by mutual agreement"]
[WhiteElo "954"]
[BlackElo "1334"]
[Opening "Scotch game"]
[ECO "C45"]
[NIC "SO.05"]
[Time "15:30:26"]
[PlyCount "36"]
[TimeControl "1500+5"]

1. e4 e5 2. Nf3 Nc6 3. d4 exd4 4. Nxd4 Bc5 5. Nxc6 Qf6 6. Qf3 Qxc6 7. Nc3
Bb4 8. Bd2 a6 9. a3 Be7 10. Bd3 d6 11. O-O Nf6 12. h3 Be6 13. Qg3 O-O-O 14.
b4 Qb6 15. Be3 Qc6 16. Bd2 Bc4 17. a4 Bxd3 18. Qxd3 d5 { Game drawn by
mutual agreement } 1/2-1/2

[Event "ICC tourney 2556 (25 5)"]
[Site "Internet Chess Club"]
[Date "2021.05.09"]
[Round "7"]
[White "JIANG, ANDREW:K05-16091063"]
[Black "ADEWUMI, TANITOLUWA:K05-16649696"]
[Result "0-1"]
[ICCResult "White resigns"]
[WhiteElo "2021"]
[BlackElo "2132"]
[Opening "Sicilian defense"]
[ECO "B40"]
[NIC "SI.43"]
[Time "15:30:35"]
[PlyCount "56"]
[TimeControl "1500+5"]

1. e4 c5 2. Nf3 e6 3. c3 Nf6 4. e5 Nd5 5. d4 d6 6. exd6 Bxd6 7. Bd3 Nc6 8.
O-O cxd4 9. cxd4 O-O 10. Nc3 Nxc3 11. bxc3 h6 12. Bb2 b6 13. c4 Bb7 14. a3
Na5 15. Qe2 Rc8 16. Rac1 Nb3 17. Rc2 Bxf3 18. Qxf3 Nxd4 19. Qe4 Nf5 20. g4
Qh4 21. f3 Bc5+ 22. Rcf2 Bxf2+ 23. Rxf2 Qg5 24. Kh1 Qe3 25. gxf5 Qxf2 26.
fxe6 f5 27. Qe5 Qxf3+ 28. Kg1 Rf6 { White resigns } 0-1

[Event "ICC tourney 2556 (25 5)"]
[Site "Internet Chess Club"]
[Date "2021.05.09"]
[Round "7"]
[White "ANEJA, SHIVISH:K05-30036465"]
[Black "CHAKKIRALA, NITIKA:K05-17289378"]
[Result "0-1"]
[ICCResult "White checkmated"]
[WhiteElo "674"]
[BlackElo "219"]
[Opening "Giuoco Pianissimo"]
[ECO "C50"]
[NIC "IG.02"]
[Time "15:30:57"]
[PlyCount "114"]
[TimeControl "1500+5"]

1. e4 e5 2. Nf3 Nc6 3. Bc4 Bc5 4. d3 Nf6 5. Ng5 O-O 6. Nxf7 Rxf7 7. Bxf7+
Kxf7 8. O-O Kg8 9. Qf3 Nd4 10. Qg3 Qe7 11. Na3 d6 12. Re1 Bxa3 13. bxa3
Nxc2 14. Bh6 Nxa1 15. Rxa1 Nh5 16. Qg5 Qxg5 17. Bxg5 Be6 18. Rc1 c5 19. Be7
Nf4 20. Bxd6 Ne2+ 21. Kf1 Nxc1 22. Bxc5 Nxd3 23. Bd6 Bxa2 24. Ke2 Nf4+ 25.
Ke3 Nxg2+ 26. Kf3 Nh4+ 27. Kg3 Ng6 28. Kg4 Bb1 29. Kf5 b5 30. Ke6 a5 31. h3
Bxe4 32. Kd7 Bg2 33. Kc7 b4 34. axb4 axb4 35. Bxb4 e4 36. Kb7 Re8 37. Kc7
Bxh3 38. Kd6 Ne5 39. Kd5 Ng4 40. f4 e3 41. Kd4 e2 42. Be1 h6 43. f5 Nh2 44.
Kd3 Bxf5+ 45. Kd2 Nf3+ 46. Kc1 Nxe1 47. Kd2 Nf3+ 48. Kc1 e1=Q+ 49. Kb2 Rd8
50. Kb3 Nd4+ 51. Kc4 Qe2+ 52. Kc5 Nb3+ 53. Kc6 Rd1 54. Kc7 Qc2+ 55. Kb6 Nd4
56. Ka5 Rb1 57. Ka6 Qa2# { White checkmated } 0-1

[Event "ICC tourney 2556 (25 5)"]
[Site "Internet Chess Club"]
[Date "2021.05.09"]
[Round "7"]
[White "MUTHURAMAN, ADWAIYTH:K05-16450607"]
[Black "RAMIREDDY, ABHINAV:K05-16502971"]
[Result "0-1"]
[ICCResult "White checkmated"]
[WhiteElo "499"]
[BlackElo "912"]
[Opening "Giuoco Piano"]
[ECO "C50"]
[NIC "IG.02"]
[Time "15:31:54"]
[PlyCount "60"]
[TimeControl "1500+5"]

1. e4 e5 2. Nf3 Nc6 3. Bc4 Bc5 4. O-O Nf6 5. Ng5 O-O 6. Nc3 h6 7. Nxf7 Rxf7
8. Bxf7+ Kxf7 9. d3 d5 10. Qf3 dxe4 11. Nxe4 Bg4 12. Qg3 Nxe4 13. dxe4 Be6
14. Be3 Nd4 15. Qxe5 b6 16. Rad1 Qf6 17. Qxc7+ Kg6 18. Qg3+ Kh7 19. e5 Ne2+
20. Kh1 Nxg3+ 21. fxg3 Qxe5 22. Bf4 Qe2 23. Rfe1 Qg4 24. h3 Qf5 25. c3 Bxa2
26. Re5 Qc2 27. Rd7 Rg8 28. Rh5 Qb1+ 29. Bc1 Qxc1+ 30. Kh2 Qg1# { White
checkmated } 0-1

[Event "ICC tourney 2556 (25 5)"]
[Site "Internet Chess Club"]
[Date "2021.05.09"]
[Round "7"]
[White "LIU, DAVID:K05-15646077"]
[Black "DAVID YAN BO KOTCHEN, AARON:K05-16524882"]
[Result "0-1"]
[ICCResult "White checkmated"]
[WhiteElo "1100"]
[BlackElo "1523"]
[Opening "Queen's pawn, Mason variation"]
[ECO "D00"]
[NIC "QP.08"]
[Time "15:30:55"]
[PlyCount "114"]
[TimeControl "1500+5"]

1. d4 d5 2. Bf4 e6 3. Nf3 c5 4. c3 Nc6 5. e3 Nf6 6. h3 Bd7 7. Be2 Ne4 8.
Nbd2 cxd4 9. exd4 Nf6 10. O-O Be7 11. Ne5 O-O 12. Bd3 Rc8 13. Rc1 Qb6 14.
b3 Ba3 15. Rb1 Nxe5 16. Bxe5 Be7 17. Nf3 Rxc3 18. Ng5 h6 19. Bh7+ Nxh7 20.
Nxh7 Kxh7 21. Rc1 Rxc1 22. Qxc1 Bd6 23. Qc2+ Kg8 24. Re1 Bxe5 25. Rxe5 Qxd4
26. Re1 Rc8 27. Qd1 Qxd1 28. Rxd1 Rc2 29. a4 Rb2 30. Rd3 Bc6 31. g3 e5 32.
Rc3 d4 33. Rd3 Be4 34. Rd1 Rb1 35. Rxb1 Bxb1 36. b4 d3 37. Kf1 Kf8 38. Ke1
Ke7 39. Kd2 Bc2 40. a5 Kd6 41. f4 exf4 42. gxf4 Kd5 43. h4 Ke4 44. b5 Kxf4
45. b6 axb6 46. axb6 Kg4 47. h5 f5 48. Ke1 f4 49. Kd2 f3 50. Ke1 Kf4 51.
Kd2 f2 52. Kc3 f1=Q 53. Kc4 d2+ 54. Kb4 d1=Q 55. Kc5 Qg1+ 56. Kb5 Qd3+ 57.
Kb4 Qxb6# { White checkmated } 0-1

[Event "ICC tourney 2556 (25 5)"]
[Site "Internet Chess Club"]
[Date "2021.05.09"]
[Round "7"]
[White "KRISHNA, AATMIK:K05-17193623"]
[Black "DEVARAJ, SHREYA:K05-16369648"]
[Result "0-1"]
[ICCResult "White checkmated"]
[WhiteElo "754"]
[BlackElo "1024"]
[Opening "Sicilian: dragon variation"]
[ECO "B70"]
[NIC "SI.15"]
[Time "15:31:03"]
[PlyCount "102"]
[TimeControl "1500+5"]

1. e4 c5 2. Nf3 d6 3. d4 cxd4 4. Nxd4 Nf6 5. Nc3 g6 6. Nb3 Bg7 7. Bd3 O-O
8. h3 Nc6 9. O-O Be6 10. Ne2 Qc7 11. Ng3 Ne5 12. Nd4 Bd7 13. Bb5 Qb6 14.
Bxd7 Nexd7 15. Rb1 Ne5 16. Be3 Qc7 17. Nb5 Qd7 18. Nd4 Nc6 19. Nxc6 Qxc6
20. Bg5 Rac8 21. Rc1 Rfe8 22. Bxf6 Bxf6 23. Qd5 Qxd5 24. exd5 Bxb2 25. Rb1
Rxc2 26. f3 Bd4+ 27. Kh2 b6 28. Rfd1 Be5 29. a4 Ra2 30. Rf1 Bxg3+ 31. Kxg3
Rxa4 32. Ra1 Rd4 33. Rad1 Rxd1 34. Rxd1 Rc8 35. Kf2 Rc5 36. Ke3 Kg7 37. Kd4
Kf6 38. Ra1 Ra5 39. Rxa5 bxa5 40. Kc4 Ke5 41. Kb5 Kxd5 42. Kxa5 Kc5 43. Ka6
d5 44. Kxa7 d4 45. Ka6 d3 46. Ka5 d2 47. Ka6 d1=Q 48. Kb7 Qd6 49. Ka8 Qd7
50. g4 Kb6 51. Kb8 Qd8# { White checkmated } 0-1